 Dungeon Crawl Stone Soup version 0.23-a0-8-gb809bb70e4 (webtiles) character file.

1460 Htamos the Cudgeler (level 9, -3/69 HPs)
             Began as a Formicid Fighter on Aug 1, 2018.
             Slain by an ice beast (13 damage)
             ... on level 6 of the Dungeon.
             The game lasted 00:11:03 (6246 turns).

Htamos the Cudgeler (Formicid Fighter)              Turns: 6246, Time: 00:11:04

Health: -3/69      AC: 12    Str: 24    XL:     9   Next: 5%
Magic:  9/9        EV:  9    Int:  8    God:
Gold:   300        SH: 11    Dex: 10    Spells: 8/8 levels left

rFire    . . .     SeeInvis +   a - +0 flail
rCold    . . .     Gourm    .   c - +0 shield
rNeg     . . .     Faith    .   t - +0 scale mail
rPois    .         Spirit   .   (helmet unavailable)
rElec    .         Reflect  .   q - scarf {cloud immunity}
rCorr    .         Harm     .   (no gloves)
MR       .....                  (no boots)
Stlth    ..........             (no amulet)
HPRegen  0.21/turn              x - ring of teleportation (curse)
MPRegen  0.11/turn              s - +5 ring of protection

@: no status effects
A: permanent stasis, dig shafts and tunnels, four strong arms, antennae 3
a: Dig, Shaft Self


You were on level 6 of the Dungeon.
You were not hungry.

You visited 1 branch of the dungeon, and saw 7 of its levels.

You collected 300 gold pieces.

Inventory:

Hand Weapons
 a - a +0 flail (weapon)
 b - a +0 blowgun
 o - a +1 dagger of electrocution
 v - a +0 falchion of holy wrath
Missiles
 l - 33 poisoned needles (quivered)
Armour
 c - a +0 shield (worn)
 q - a scarf of cloud immunity (worn)
 t - a +0 scale mail (worn)
Jewellery
 h - an uncursed ring of magical power
 s - a +5 ring of protection (right hand)
 x - a cursed ring of teleportation (left hand)
Wands
 d - a wand of disintegration (11)
 y - a wand of scattershot (2)
Scrolls
 e - 4 scrolls of fog {unknown}
 g - 2 scrolls of amnesia
 i - 3 scrolls of remove curse
 k - a scroll of blinking {unknown}
 p - a scroll of enchant weapon {unknown}
 u - a scroll of enchant armour {unknown}
 w - 2 scrolls of magic mapping
Potions
 j - a potion of resistance {unknown}
 m - a potion of haste {unknown}
 n - a potion of brilliance {unknown}
 r - a potion of flight
 z - a potion of magic
Comestibles
 f - 9 rations
 A - 6 chunks of flesh


   Skills:
 + Level 6.1 Fighting
 * Level 6.9 Maces & Flails
 + Level 6.1 Armour
 + Level 6.7 Shields


You had 8 spell levels left.
You didn't know any spells.
Your spell library was empty.

Dungeon Overview and Level Annotations

Branches:
Dungeon (7/15)
 Temple: D:4-7

Altars:
Ashenzari
Fedhas
Gozag
Kikubaaqudgha
Makhleb


Innate Abilities, Weirdness & Mutations

You cannot be hasted, slowed, berserked, paralysed or teleported.
You can dig through walls and to a lower floor.
Your four strong arms can wield two-handed weapons with a shield.
You have a pair of large antennae on your head. (SInv)


Message History

The ice beast hits you. The ice beast freezes you!
* * * LOW HITPOINT WARNING * * *
You are too injured to fight recklessly!
You are too injured to fight recklessly!
You are too injured to fight recklessly!
You closely miss the ice beast.
The ice beast is almost dead.
The ice beast hits you.
* * * LOW HITPOINT WARNING * * *
The ice beast freezes you!
* * * LOW HITPOINT WARNING * * *
You barely miss the ice beast.
The ice beast is almost dead.
The ice beast barely misses you.
You barely miss the ice beast.
The ice beast is severely wounded.
The ice beast hits you.
* * * LOW HITPOINT WARNING * * *
The ice beast freezes you!
You die...

.....###...##....................
#.##..##...#.....................
##[##(..........#................
#.####(................#.#....##.
#.............##....#.##.#.......
......._..#......#............###
......#######.#.......#.###...#
#.........# #.......#...# #...#
..........# ##.Y@......####...#
..........###..........# #....#
..........#.........#.(# #.#..#
#.........#?..##.......# #.#..#
...#####.....###.#.#...###.#..##
......##....####.#.............#
............###..###...........##
.............##.###..............
.............##.#................


You could see an ice beast.

Vanquished Creatures
  Eustachio (D:5)
  The ghost of hexalxvi the Slasher, an amateur DsBe of Trog (D:3)
  An ice beast (D:5)
  A black bear (D:6)
  2 ogres (D:5)
  A centaur (D:5)
  A phantom (D:5)
  2 bullfrogs
  3 crimson imps
  A gnoll shaman (D:4)
  An orc priest (D:6)
  2 orc wizards (D:6)
  Natasha (thrice) (D:3)
  3 worker ants
  4 gnolls
  A howler monkey skeleton (D:6)
  7 adders
  An adder zombie (D:5)
  2 worms
  4 dart slugs
  4 leopard geckos
  7 orcs
  A ball python (D:1)
  A bat (D:1)
  2 giant cockroaches
  6 goblins
  3 hobgoblins (D:1)
  3 jackals (D:2)
  4 quokkas
  2 frilled lizards (D:1)
  A jackal zombie (D:5)
  8 kobolds
  A quokka skeleton (D:5)
  7 rats
92 creatures vanquished.

Notes
Turn   | Place    | Note
-------+----------+-------------------------------------------
     0 | D:1      | Htamos the Formicid Fighter began the quest for the Orb.
     0 | D:1      | Reached XP level 1. HP: 18/18 MP: 1/1
   162 | D:1      | Reached XP level 2. HP: 22/24 MP: 2/2
   552 | D:1      | Reached XP level 3. HP: 29/29 MP: 3/3
   994 | D:2      | Reached XP level 4. HP: 32/37 MP: 4/4
  1107 | D:2      | You fall through a shaft!
  1110 | D:3      | Found a large runed door.
  1110 | D:3      | Found a large runed door.
  1119 | D:3      | Noticed a bullfrog
  1124 | D:3      | Killed a bullfrog
  1124 | D:3      | Reached XP level 5. HP: 31/42 MP: 5/5
  1537 | D:3      | Found a faded altar of an unknown god.
  1661 | D:3      | Noticed hexalxvi's ghost (amateur DsBe)
  1684 | D:3      | Noticed Natasha
  1693 | D:3      | Killed Natasha
  1755 | D:3      | Noticed Natasha
  1763 | D:3      | Killed Natasha
  1901 | D:3      | Noticed Natasha
  1914 | D:3      | Killed Natasha
  1914 | D:3      | Reached XP level 6. HP: 38/48 MP: 6/6
  2194 | D:3      | Found a faded altar of an unknown god.
  2490 | D:3      | Killed hexalxvi's ghost
  2490 | D:3      | Reached skill level 5 in Shields
  2744 | D:4      | Reached XP level 7. HP: 54/55 MP: 7/7
  3690 | D:4      | Found a burning altar of Makhleb.
  3725 | D:5      | Entered Level 5 of the Dungeon
  3816 | D:5      | Reached skill level 5 in Fighting
  3816 | D:5      | Reached skill level 5 in Maces & Flails
  4209 | D:4      | Reached skill level 5 in Armour
  4527 | D:5      | Found a shattered altar of Ashenzari.
  4542 | D:5      | Reached XP level 8. HP: 62/62 MP: 8/8
  4822 | D:5      | Found a blossoming altar of Fedhas.
  5115 | D:6      | Noticed Eustachio
  5139 | D:5      | Killed Eustachio
  5228 | D:6      | Found an ancient bone altar of Kikubaaqudgha.
  5671 | D:6      | Found an opulent altar of Gozag.
  5684 | D:6      | HP: 3/64 [orc priest (2)]
  6033 | D:6      | Reached XP level 9. HP: 65/69 MP: 9/9
  6246 | D:6      | Slain by an ice beast

Vault maps used:
D:1:      dpeg_arrival_erosion
D:3:      ebering_ghost_disaster_area, chequers_ecumenical_altar_simple_redux,
          uniq_natasha
D:4:      makhleb_grotto_becter, minmay_misc_feat_square
D:5:      evilmike_ruin_ashenzari, first_ration, fedhas_altar_fruit_tree
D:6:      kennysheep_mini_moat, overflow_temple_1_default, uniq_eustachio
D:7:      nicolae_dithmenos_shadow_blocks, minmay_temple_entry_glassed_door,
          grunt_ogre_cave

Skill      XL: |  1  2  3  4  5  6  7  8 |
---------------+-------------------------+-----
Shields        | 4 5 6 |  6.7
Fighting       | 4 5 6 |  6.1
Maces & Flails | 3 4 5 6 |  6.9
Armour         | 4 5 6 |  6.1

Action                   |  1- 3 |  4- 6 |  7- 9 || total
-------------------------+-------+-------+-------++-------
Melee: Flail             |    75 |   111 |   235 ||   421
 Abil: Dig               |       |       |     1 ||     1
Evoke: Wand              |       |       |     5 ||     5
  Use: Potion            |       |     2 |     9 ||    11
       Scroll            |       |     2 |     8 ||    10
 Stab: Invisible         |       |       |     3 ||     3
  Eat: Chunk             |       |     6 |     5 ||    11
       Ration            |       |       |     2 ||     2
Armor: Scale mail        |    26 |    36 |    98 ||   160
       Skin              |       |       |     4 ||     4
Dodge: Dodged            |    23 |    26 |    74 ||   123
Block: Shield            |    39 |    62 |   117 ||   218

Table legend:
 A = Spawn XP
 B = Non-spawn XP
 C = Spawn XP percentage of total XP
 D = Spawn monster count
 E = Non-spawn monster count
 F = Spawn count percentage of total count
 G = Total turns spent on level
                    A         B        C        D         E        F      G
               +---------+---------+-------+---------+---------+-------+---------
         Total |       0 |    2086 |   0.0 |       0 |      92 |   0.0 |  6246
               +---------+---------+-------+---------+---------+-------+---------
           D:1 |       0 |      33 |   0.0 |       0 |      18 |   0.0 |   699
           D:2 |       0 |      55 |   0.0 |       0 |      16 |   0.0 |   663
           D:3 |       0 |     412 |   0.0 |       0 |      15 |   0.0 |  1149
           D:4 |       0 |     222 |   0.0 |       0 |      16 |   0.0 |  1514
           D:5 |       0 |    1012 |   0.0 |       0 |      17 |   0.0 |  1370
           D:6 |       0 |     352 |   0.0 |       0 |      10 |   0.0 |   847
               +---------+---------+-------+---------+---------+-------+---------
